 Dungeon Crawl Stone Soup version 0.31.0-11-ge490571c62 (webtiles) character file.

Game seed: 12194241700594747410

351638 sasquatch the Gelid (level 21, -17/181 HPs)
             Began as a Black Draconian Ice Elementalist on Feb 1, 2024.
             Was the Champion of Sif Muna.
             Killed from afar by an ancient lich (57 damage)
             ... with a crystal spear
             ... on level 4 of the Vaults on Feb 2, 2024.
             The game lasted 03:25:19 (66898 turns).

sasquatch the Gelid (DrIE)                         Turns: 66898, Time: 03:25:20

Health: -17/181    AC: 18    Str: 16    XL:     21   Next: 30%
Magic:  18/43      EV: 16    Int: 31    God:    Sif Muna [******]
Gold:   618        SH:  7    Dex: 13    Spells: 7/56 levels left

rFire   + + +        O - staff "Cozeas" {rC+ Will+ Stlth+ Ice}
rCold   + + .        N - +1 buckler {AC+3}
rNeg    + . .        (body armour unavailable)
rPois   +            (helmet restricted)
rElec   +            V - scarf {rC+ rF+}
rCorr   .            y - +1 pair of gloves "Ucem Ang" {rElec Will+ Str+4}
SInv    +            J - +1 pair of boots {Stlth+}
Will    +++..        m - amulet of Vitality {RegenMP++ Regen++}
Stlth   ++++         b - ring "Vocsiure" {rF+ rN+ Int+5}
HPRegen 2.10/turn    e - ring "Caitt" {Fly rPois rF+ Dex+2 SInv}
MPRegen 1.08/turn

%: no passive effects
@: flying, studying Polearms
A: breathe lightning, AC +11, unfitting armour, big wings, electricity
resistance, cold-blooded, inability to drink after injury 1, MP-powered wands
}: 2/15 runes: serpentine, barnacled
a: Breathe Lightning, Renounce Religion, Channel Magic, Forget Spell, Divine
Exegesis


You were on level 4 of the Vaults.
You worshipped Sif Muna.
Sif Muna was exalted by your worship.
You visited 8 branches of the dungeon, and saw 38 of its levels.
You visited the Abyss 1 time.
You visited 1 bazaar.
You also visited: Ice Cave and Desolation.

You collected 4917 gold pieces.
You spent 4299 gold pieces at shops.

Inventory:

Missiles
 w - a curare-tipped dart
 H - 5 throwing nets
Armour
 h - a +0 kite shield of reflection
 y - the +1 pair of gloves "Ucem Ang" (worn) {rElec Will+ Str+4}
   (You acquired it in a bazaar)

   Str+4:     It affects your strength (+4).
   rElec:     It insulates you from electricity.
   Will+:     It increases your willpower.
 J - a +1 pair of boots of stealth (worn)
 N - a +1 buckler of protection (worn)
 V - a scarf of resistance (worn)
 X - a +1 tower shield of fire resistance
Magical Staves
 O - the staff "Cozeas" (weapon) {rC+ Will+ Stlth+ Ice}
   (You found it on level 3 of the Elven Halls)

   [staff of cold]

   Base accuracy: +5 Base damage: 5 Base attack delay: 1.2 This weapon's minimum
   attack delay (0.6) is reached at skill level 12.
   rC+:       It protects you from cold.
   Will+:     It increases your willpower.
   Stlth+:    It makes you more stealthy.
   Ice:       It increases the power of your Ice spells.
   It falls into the 'Staves' category.
   It is a one-handed weapon.
Jewellery
 b - the ring "Vocsiure" (left hand) {rF+ rN+ Int+5}
   (You bought it in a shop in a bazaar)

   [ring of positive energy]

   Int+5:     It affects your intelligence (+5).
   rF+:       It protects you from fire.
   rN+:       It protects you from negative energy.
 e - the ring "Caitt" (right hand) {Fly rPois rF+ Dex+2 SInv}
   (You bought it in a shop in a bazaar)

   [ring of poison resistance]

   Dex+2:     It affects your dexterity (+2).
   rF+:       It protects you from fire.
   rPois:     It protects you from poison SInv: It lets you see invisible.
   Fly:       It grants you flight.
 j - a ring of resist corrosion
 m - the amulet of Vitality (around neck) {RegenMP++ Regen++}
   (You bought it in a shop on level 14 of the Dungeon)

   [amulet of magic regeneration]

   RegenMP:   It increases your rate of magic regeneration.
   Regen++:   It increases your rate of health regeneration.
 v - a ring of wizardry
 C - the ring of Soahaci {Fire *Slow rPois Will+++ Slay+2}
   (You took it off a centaur warrior on level 13 of the Dungeon)

   [ring of fire]

   Fire:      It enhances your fire magic.
   Slay+2:    It affects your accuracy & damage with ranged weapons and melee
   (+2).
   rF+:       It protects you from fire.
   rC-:       It makes you vulnerable to cold.
   rPois:     It protects you from poison Will+++: It greatly increases your
   willpower.
   *Slow:     It may slow you when you take damage.
 F - a ring of protection from cold
Wands
 B - a wand of digging (5)
 G - a wand of roots (61)
 R - a wand of light (13)
Scrolls
 c - 2 scrolls of revelation
 d - 6 scrolls of immolation
 g - 2 scrolls of torment
 i - 6 scrolls of blinking
 l - 3 scrolls of summoning
 q - a scroll of fear
 s - a scroll of teleportation
 t - 15 scrolls of identify
 x - 6 scrolls of fog
 A - 3 scrolls of silence
 E - 2 scrolls of enchant armour
 M - 4 scrolls of amnesia
 S - a scroll of brand weapon
 Y - 9 scrolls of poison
Potions
 f - 9 potions of lignification
 k - 4 potions of might
 n - 6 potions of invisibility
 p - 7 potions of heal wounds
 r - 13 potions of curing
 u - 3 potions of haste
 D - 7 potions of enlightenment
 I - 2 potions of cancellation
 K - 3 potions of berserk rage
 L - 2 potions of ambrosia
 U - 6 potions of attraction
 W - 2 potions of brilliance
 Z - 3 potions of resistance
Miscellaneous
 a - a lightning rod (4/4)
 o - a tin of tremorstones (2/2)
 z - a phial of floods
 P - a sack of spiders


   Skills:
 - Level 14.0 Fighting
 - Level 10.0 Dodging
 - Level 1.7 Stealth
 - Level 10.0 Shields
 - Level 18.0 Spellcasting
 + Level 11.2 Conjurations
 - Level 4.0 Summonings
 - Level 4.0 Translocations
 - Level 10.0 Fire Magic
 - Level 20.0 Ice Magic
 - Level 8.0 Air Magic
 + Level 4.1 Earth Magic
 - Level 6.0 Alchemy
 + Level 13.8 Invocations


You had 7 spell levels left.
You knew the following spells:

 Your Spells              Type           Power      Damage    Failure   Level
a - Freeze                Ice            100%       1d10      0%          1
b - Frozen Ramparts       Ice            100%       1d16      0%          3
c - Ozocubu's Armour      Ice            100%       N/A       0%          3
d - Magic Dart            Conj           100%       1d8       0%          1
e - Sticky Flame          Fire/Alch      67%        2d11      1%          4
f - Summon Ice Beast      Ice/Summ       100%       N/A       1%          3
g - Fireball              Conj/Fire      38%        3d16      1%          5
h - Blink                 Tloc           100%       N/A       1%          2
i - Freezing Cloud        Conj/Ice/Air   52%        6-21      1%          5
j - Ozocubu's Refrigerat  Ice            61%        4d21      1%          7
k - Iskenderun's Mystic   Conj/Tloc      66%        2d14      1%          4
l - Irradiate             Conj/Alch      34%        3d23      1%          5
m - Bombard               Conj/Erth      33%        9d6       11%         6

Your spell library contained the following spells:

 Spells                   Type           Power      Damage    Failure   Level
 Hailstorm                Conj/Ice       100%       3d16      0%          3
 Apportation              Tloc           100%       N/A       1%          1
 Foxfire                  Conj/Fire      100%       2x1d9     1%          1
 Kiss of Death            Conj/Necr      100%       2d13      1%          1
 Necrotise                Necr           100%       1d9       1%          1
 Sandblast                Erth           100%       2d20      1%          1
 Shock                    Conj/Air       100%       1d9       1%          1
 Sting                    Conj/Alch      100%       1d9       1%          1
 Summon Small Mammal      Summ           100%       N/A       1%          1
 Call Imp                 Summ           100%       N/A       1%          2
 Cigotuvi's Dreadful Rot  Necr/Alch/Air  100%       N/A       1%          2
 Ensorcelled Hibernation  Hex/Ice        100%       N/A       1%          2
 Lesser Beckoning         Tloc           100%       N/A       1%          2
 Momentum Strike          Conj/Tloc      100%       3d10      1%          2
 Searing Ray              Conj           100%       2d8       1%          2
 Static Discharge         Conj/Air       100%       3-8/arc   1%          2
 Call Canine Familiar     Summ           51%        N/A       1%          3
 Dazzling Flash           Conj/Hex       100%       N/A       1%          3
 Gell's Gravitas          Tloc           51%        N/A       1%          3
 Inner Flame              Hex/Fire       56%        N/A       1%          3
 Mephitic Cloud           Conj/Alch/Air  68%        N/A       1%          3
 Passwall                 Erth           52%        N/A       1%          3
 Stone Arrow              Conj/Erth      100%       3d13      1%          3
 Swiftness                Air            67%        N/A       1%          3
 Volatile Blastmotes      Fire/Tloc      100%       2d18      1%          3
 Airstrike                Air            33%        2d(5-21)  1%          4
 Brom's Barrelling Bould  Conj/Erth      66%        2d8       1%          4
 Flame Wave               Conj/Fire      76%        2d17      1%          4
 Fulminant Prism          Conj/Alch      34%        3d15      1%          4
 Ignite Poison            Fire/Alch      67%        N/A       1%          4
 Olgreb's Toxic Radiance  Alch           60%        N/A       1%          4
 Summon Blazeheart Golem  Fire/Summ      63%        N/A       1%          4
 Summon Lightning Spire   Summ/Air       60%        N/A       1%          4
 Vhi's Electric Charge    Tloc/Air       100%       N/A       1%          4
 Arcjolt                  Conj/Air       36%        1d46      1%          5
 Iskenderun's Battlesphe  Conj           78%        2d13      1%          5
 Metabolic Englaciation   Hex/Ice        47%        N/A       1%          5
 Sculpt Simulacrum        Ice/Alch       52%        N/A       1%          6
 Sublimation of Blood     Necr           27%        N/A       2%          2
 Leda's Liquefaction      Alch/Erth      28%        N/A       2%          4
 Petrify                  Alch/Erth      56%        N/A       2%          4
 Manifold Assault         Tloc           51%        N/A       3%          4
 Passage of Golubria      Tloc           51%        N/A       3%          4
 Starburst                Conj/Fire      38%        6d11      3%          6
 Confusing Touch          Hex            27%        N/A       4%          3
 Fugue of the Fallen      Necr           27%        N/A       4%          3
 Sigil of Binding         Hex            27%        N/A       4%          3
 Tukima's Dance           Hex            27%        N/A       4%          3
 Alistair's Intoxication  Alch           40%        N/A       4%          5
 Conjure Ball Lightning   Conj/Air       36%        3x3d12    4%          6
 Plasma Beam              Fire/Air       35%        2x1d48    6%          6
 Dimensional Bullseye     Hex/Tloc       20%        N/A       8%          4
 Martyr's Knell           Necr/Summ      40%        N/A       8%          4
 Silence                  Hex/Air        25%        N/A       9%          5
 Summon Forest            Summ/Tloc      25%        N/A       9%          5
 Yara's Violent Unravell  Hex/Alch       23%        3d10      14%         5
 Orb of Destruction       Conj           39%        9d11      14%         7
 Anguish                  Hex/Necr       13%        N/A       17%         4
 Cause Fear               Hex            13%        N/A       17%         4
 Dispel Undead            Necr           27%        3d13      17%         4
 Summon Mana Viper        Hex/Summ       40%        N/A       21%         5
 Eringya's Noxious Bog    Alch           30%        4d6       22%         6
 Curse of Agony           Necr           27%        N/A       43%         5
 Dispersal                Tloc           25%        N/A       45%         6
 Summon Cactus Giant      Summ           25%        N/A       45%         6
 Spellforged Servitor     Conj/Summ      33%        N/A       54%         7
 Death Channel            Necr           13%        N/A       95%         6
 Malign Gateway           Summ/Tloc      25%        N/A       95%         7
 Monstrous Menagerie      Summ           25%        N/A       95%         7
 Summon Hydra             Summ           25%        N/A       95%         7
 Polar Vortex             Ice            61%        12d8*     43%         9
 Ignition                 Fire           37%        3d11      88%         8
 Discord                  Hex            13%        N/A       100%        8
 Disjunction              Tloc           25%        N/A       100%        8
 Summon Horrible Things   Summ           25%        N/A       100%        8
 Chain Lightning          Conj/Air       36%        3d48      100%        9
 Dragon's Call            Summ           25%        N/A       100%        9
 Fire Storm               Conj/Fire      38%        8d10      100%        9
 Animate Armour           Summ/Erth      Unusable   N/A       N/A         4

Dungeon Overview and Level Annotations

Branches:
Dungeon (15/15)            Temple (1/1) D:4            Lair (5/5) D:8
 Shoals (4/4) Lair:3        Snake (4/4) Lair:3        Slime (0/5) Lair:5
    Orc (2/2) D:12            Elf (3/3) Orc:2        Vaults (4/5) D:13
 Depths (0/4) D:15          IceCv (visited)         Desolation (visited)
  Crypt: Vaults:2-3

Altars:
Ashenzari
Cheibriados
Dithmenos
Elyvilon
Fedhas
Gozag
Hepliaklqana
Kikubaaqudgha
Makhleb
Nemelex Xobeh
Okawaru
Qazlal
Ru
Sif Muna
Trog
Uskayaw
Vehumet
Wu Jian
Xom
Yredelemnul
Zin
The Shining One
Lugonu

Shops:
D:9 *   D:14 =!!*   D:15 [   Orc:2 *[:*?   Elf:1 !   Elf:2 (   Shoals:1 =*
Shoals:2 *   Snake:2 *[*(   Vaults:1 (

Portals:
Abyss: Lair:5

Annotations:
D:5 1 runed translucent door, exclusion: door, croobank's ghost, novice OpSu
D:14 2 runed translucent doors
Lair:1 2 transporters, Taxzan's ghost, journeyman MiGl
Snake:2 exclusion: door, Vashnia
Elf:2 3 runed translucent doors
Vaults:3 exclusion: door
Vaults:4 exclusion: ancient lich


Innate Abilities, Weirdness & Mutations

You can breathe wild blasts of lightning.
Your glossy black scales are hard. (AC +11)
You cannot fit into any form of body armour.
Your large and strong wings let you fly.
You are resistant to electric shocks. (rElec)
You are cold-blooded and may be slowed by cold attacks.
You occasionally lose the ability to drink potions when taking damage.
You expend magic power (3 MP) to strengthen your wands.


Message History

Sif Muna accepts your kill.
The runic seal fades away.
The titan is engulfed in freezing vapours.
The titan mumbles some strange words.
The titan is healed somewhat.
The stone giant is engulfed in freezing vapours.
Unknown command.
Casting: Ozocubu's Refrigeration (mildly dangerous; 1% risk of failure)
Confirm with . or Enter, or press ? or * to list all spells.
You erupt in a blast of force!
The mystic blast hits the stone giant!
The stone giant is severely wounded.
The stone giant is knocked back by the mystic blast.
The mystic blast hits the ancient lich but does no damage.
The ancient lich is lightly damaged.
The mystic blast hits the storm dragon!
You kill the storm dragon!
Sif Muna accepts your kill. The ancient lich casts a spell at you.
The crystal spear hits you!!!!
Ouch! That really hurt!
* * * LOW HITPOINT WARNING * * *
The vault sentinel blows a loud note on a signal horn!
The ironbound frostheart is engulfed in freezing vapours.
Electricity crackles from the ironbound thunderhulk's apparatus.
The bolt of lightning hits you. You resist.
* * * LOW HITPOINT WARNING * * *
The titan is engulfed in freezing vapours.
The titan casts a spell.
The titan is healed somewhat.
Unknown command.
Unknown command.
You feel much better.
You feel less invigorated.
The ancient lich is engulfed in freezing vapours.
The ancient lich casts a spell at you. You resist with almost no effort.
The ironbound frostheart is engulfed in freezing vapours.
The ancient lich is engulfed in freezing vapours.
The ancient lich casts a spell at you. The crystal spear hits you!!!
You die...

........#......### #...
........'.#''#.# . ##..
#...#######~~### ##. ##.
#...#...# #~~### ,.##.. #.
#...#...#.#''#.###,C)....# #.
#...#...#......#§##§§§....L ###.
#...#...#......+§§§§§§O....###.##
'...#...########§§§§C§p........#.
#...#'###......#@Lp##).. #.....#.
........#......#.### ###...'.
........#......#### ####.#.
#'#######.........## ##..###.
...................## ##.....#.
...#######'#######..#####......#.
..## #####.....# #.............#.
.#####..###....# #.............'.
.# #......##...# #.............##


You could see a titan, an ancient lich (fast, invisible), a stone giant
(strong), an ironbound thunderhulk, an ironbound frostheart and a vault sentinel
(catching breath).

Vanquished Creatures
  Rupert (Snake:1)
  Jorgrun (D:13)
  Asterion (Vaults:1)
  2 deep elf master archers (Elf:3)
  A quicksilver dragon (Snake:4)
  2 deep elf blademasters (Elf:3)
  A titan (Vaults:4)
  5 sphinxes
  A kraken (Shoals:1)
  Kirke (Lair:4)
  2 storm dragons
  2 tengu reavers
  Aizul (Snake:4)
  Donald (Shoals:4)
  Ilsuiw (Shoals:3)
  3 nagarajas (Snake:4)
  6 deep elf sorcerers
  8 vault wardens
  6 deep elf elementalists (Elf:3)
  A reaper (IceCv)
  An orc warlord (Vaults:3)
  11 ironbound preservers
  9 ironbound thunderhulks
  5 deep elf annihilators (Elf:3)
  2 formless jellyfish
  5 deep elf death magi
  5 deep elf demonologists (Elf:3)
  2 dire elephants
  The ghost of Voleoc the Protected, a journeyman GrFi of Okawaru (Orc:1)
  Snorg (Orc:1)
  3 merfolk javelineers
  2 ettins
  14 yaktaur captains
  6 merfolk impalers
  A ragged hierophant (Desolation)
  6 great orbs of eyes
  25 centaur warriors
  4 salamander tyrants
  3 deep elf high priests (Elf:3)
  A rakshasa (D:15)
  2 ogre magi (Orc:2)
  3 servants of whispers (Desolation)
  2 peacekeepers
  7 hydras
  A vault guard (Vaults:1)
  4 anacondas
  6 ironbound frosthearts
  4 merfolk avatars
  8 merfolk aquamancers
  14 dancing weapons
  15 two-headed ogres
  A catoblepas (Lair:1)
  2 death yaks (D:8)
  An alligator snapping turtle (Shoals:4)
  8 boulder beetles
  10 naga warriors
  An orc high priest (Elf:3)
  A vampire mage (Vaults:2)
  8 naga sharpshooters
  2 thrashing horrors (Lair:5)
  3 tengu warriors
  2 occultists
  7 shock serpents
  4 skysharks
  8 deep elf knights
  3 skeletal warriors
  12 sea snakes
  5 salamander mystics
  8 arcanists
  Amaemon (D:10)
  19 mana vipers
  A deep troll (shapeshifter) (Vaults:2)
  5 naga ritualists
  37 deep trolls
  11 deep elf archers
  12 lindwurms
  Pikel (D:7)
  14 ironbound convokers
  5 orc knights
  33 harpies
  4 necromancers
  20 deep elf pyromancers
  A wolf spider (D:13)
  A shining eye (shapeshifter) (Vaults:1)
  2 oklob plants
  20 ugly things
  15 deep elf zephyrmancers
  9 fauns
  An orc sorcerer (Orc:2)
  12 manticores
  18 salamanders
  9 cyclopes
  A fire giant skeleton (Vaults:3)
  A tengu skeleton (Vaults:3)
  36 black mambas
  Maurice (D:7)
  2 ice statues (IceCv)
  8 elephants
  15 water nymphs
  13 merfolk sirens
  12 vault sentinels
  A torpor snail (Lair:5)
  9 naga magi
  2 smoke demons (Lair:5)
  A torpor snail (shapeshifter) (D:13)
  7 guardian serpents
  A centaur zombie (D:15)
  3 gargoyles
  2 centaur skeletons (D:15)
  A yaktaur zombie (Vaults:1)
  2 rime drakes
  10 cane toads
  4 tengu conjurers
  9 komodo dragons
  31 yaktaurs
  6 ice devils (IceCv)
  An unseen horror (D:10)
  2 kobold demonologists
  2 queen bees (shapeshifter) (Lair:5)
  18 merfolk
  16 trolls
  2 polar bears
  12 wind drakes
  A tarantella (shapeshifter) (D:14)
  A hornet (shapeshifter) (Elf:1)
  26 blink frogs
  A raiju (Lair:5)
  12 saltlings (Desolation)
  An elf simulacrum (Vaults:1)
  15 dream sheep
  A hornet (D:7)
  A stone giant simulacrum (Vaults:4)
  A meliai zombie (D:15)
  A dream sheep (shapeshifter) (Vaults:4)
  12 snapping turtles
  An elf zombie (Vaults:3)
  20 slime creatures
  A wraith (D:9)
  8 dire elephant simulacra (IceCv)
  A centaur simulacrum (D:13)
  2 shadows
  A spriggan (Lair:5)
  25 water elementals
  5 hogs (Lair:4)
  5 wyverns
  A ynoxinul (Lair:5)
  51 yaks
  11 air elementals
  16 humans (D:13)
  3 wargs
  5 basilisks
  An unseen horror simulacrum (D:10)
  2 fire elementals
  3 vampire mosquitoes
  A steam dragon (D:8)
  2 glowing shapeshifter zombies
  2 death yak simulacra
  43 nagas
  An acid dragon (D:11)
  18 water moccasins
  A chaos spawn (Lair:5)
  17 orc warriors
  2 hydra simulacra (IceCv)
  3 black bears
  An ettin simulacrum (Vaults:1)
  11 boggarts
  2 laughing skulls (D:14)
  21 ogres
  8 small abominations (Lair:5)
  A wolf (Lair:1)
  12 centaurs
  3 kobold brigands
  3 lemures (D:7)
  A phantom (D:5)
  2 gnoll sergeants
  19 bullfrogs
  2 scorpions
  2 glowing shapeshifter simulacra
  2 earth elementals
  3 wights (D:9)
  An elephant simulacrum (IceCv)
  11 killer bees
  A howler monkey (D:8)
  3 electric eels
  12 orc priests
  2 bombardier beetles
  2 jellies (D:5)
  A gnoll bouda (D:7)
  7 hounds
  A boggart zombie (D:15)
  5 iguanas
  2 sleepcaps (D:5)
  17 orc wizards
  A hell rat (D:8)
  2 polar bear simulacra
  A troll simulacrum (IceCv)
  A wolf simulacrum (Lair:2)
  12 gnolls
  4 adders
  2 naga simulacra (IceCv)
  4 white imps
  3 dart slugs
  3 ribbon worms
  68 orcs
  5 ball pythons
  6 bats
  9 endoplasms
  A giant cockroach (D:1)
  7 goblins
  10 hobgoblins
  3 jackals (D:1)
  20 kobolds
  8 quokkas
  4 frilled lizards
  7 rats
  2 tentacles (Shoals:1)
1454 creatures vanquished.

Vanquished Creatures (collateral kills)
  An ogre mage (D:10)
  A death yak (D:8)
  An ugly thing (Lair:5)
  Joseph (D:8)
  An elephant (Lair:4)
  An orange demon (D:10)
  A komodo dragon (Lair:1)
  A rime drake (Lair:2)
  A blink frog (Lair:3)
  A wraith (D:8)
  3 yaks
  A basilisk (Lair:5)
14 creatures vanquished.

Vanquished Creatures (others)
  An orc (D:12)
  3 tentacles (Shoals:1)
4 creatures vanquished.

Grand Total: 1472 creatures vanquished

Notes
Turn   | Place    | Note
-------+----------+-------------------------------------------
     0 | D:1      | sasquatch the Draconian Ice Elementalist began the quest
                  | for the Orb.
     0 | D:1      | Reached XP level 1. HP: 14/14 MP: 3/3
   310 | D:1      | Reached XP level 2. HP: 20/20 MP: 3/5
   928 | D:1      | Reached XP level 3. HP: 26/26 MP: 3/6
  1230 | D:1      | Found a faded altar of an unknown god.
  1277 | D:1      | Learned a level 3 spell: Frozen Ramparts
  1281 | D:1      | Learned a level 3 spell: Ozocubu's Armour
  1464 | D:2      | Reached skill level 5 in Ice Magic
  1744 | D:2      | Found a glowing silver altar of Zin.
  1957 | D:2      | Reached XP level 4. HP: 33/33 MP: 5/8
  2157 | D:2      | Learned a level 1 spell: Magic Dart
  3032 | D:4      | Identified the +2 sling "Meats" {speed, ^Drain rPois rC+
                  | rCorr}
  3058 | D:4      | Found a staircase to the Ecumenical Temple.
  3079 | D:4      | Reached XP level 5. HP: 38/38 MP: 0/9
  3165 | Temple   | Entered the Ecumenical Temple
  3192 | Temple   | Became a worshipper of Sif Muna the Loreminder
  3663 | D:4      | Reached skill level 6 in Ice Magic
  3901 | D:4      | Reached XP level 6. HP: 45/45 MP: 4/11
  4184 | D:5      | Entered Level 5 of the Dungeon
  4262 | D:5      | Found a sacrificial altar of Ru.
  4441 | D:5      | Found a radiant altar of Vehumet.
  4540 | D:5      | Reached skill level 7 in Ice Magic
  4704 | D:5      | Your scales start taking on a glossy black colour.
  4704 | D:5      | Reached XP level 7. HP: 43/50 MP: 6/13
  4704 | D:5      | Gained mutation: You are resistant to electric shocks.
                  | (rElec) [Black Draconian growth]
  4996 | D:5      | Found a runed translucent door.
  5075 | D:5      | Noticed croobank's ghost (novice OpSu)
  5241 | D:5      | Reached skill level 8 in Ice Magic
  5278 | D:5      | Reached skill level 5 in Spellcasting
  5602 | D:5      | Reached XP level 8. HP: 57/57 MP: 9/17
  5654 | D:5      | Noticed a slime creature
  5843 | D:5      | Found a burning altar of Makhleb.
  5948 | D:6      | Reached * piety under Sif Muna
  6043 | D:6      | Reached skill level 1 in Conjurations
  6352 | D:6      | Found a hide-covered altar of Uskayaw.
  6792 | D:6      | Found an ornate altar of the Wu Jian Council.
  6929 | D:7      | Noticed Maurice
  6936 | D:7      | Killed Maurice
  6944 | D:7      | Reached skill level 1 in Fighting
  6944 | D:7      | Reached XP level 9. HP: 54/67 MP: 4/21
  6960 | D:6      | Learned a level 4 spell: Sticky Flame
  7075 | D:7      | Reached skill level 1 in Fire Magic
  7410 | D:7      | Reached ** piety under Sif Muna
  7548 | D:7      | Noticed Pikel
  7571 | D:7      | Killed Pikel
  8217 | D:7      | Reached skill level 5 in Fighting
  8302 | D:7      | Found a sparkling altar of Nemelex Xobeh.
  8333 | D:7      | Found a blossoming altar of Fedhas.
  8654 | D:7      | Learned a level 3 spell: Summon Ice Beast
  8953 | D:8      | Noticed Joseph
  8982 | D:8      | Killed Joseph
  8983 | D:8      | Reached XP level 10. HP: 78/81 MP: 10/23
  9340 | D:8      | Noticed a death yak
  9363 | D:8      | Killed a death yak
  9364 | D:8      | Reached skill level 5 in Fire Magic
  9534 | D:8      | Found a staircase to the Lair.
  9564 | D:8      | Noticed a death yak
  9667 | D:8      | Reached skill level 5 in Conjurations
  9870 | D:8      | Noticed a death yak
 10415 | D:8      | Killed a death yak
 10428 | D:8      | Killed a death yak
 10789 | D:9      | Reached skill level 10 in Spellcasting
 10929 | D:9      | Found Adeicuwn's Assorted Antiques.
 11138 | D:9      | Noticed a two-headed ogre
 11150 | D:9      | Killed a two-headed ogre
 11150 | D:9      | Reached *** piety under Sif Muna
 11248 | D:9      | Reached XP level 11. HP: 93/93 MP: 17/25
 11590 | D:9      | Noticed a two-headed ogre
 11598 | D:9      | Killed a two-headed ogre
 12107 | D:10     | Entered Level 10 of the Dungeon
 12159 | D:10     | Noticed Amaemon
 12184 | D:10     | Killed Amaemon
 12843 | D:10     | Noticed an ogre mage
 12845 | D:10     | Paralysed by an ogre mage for 5 turns
 12848 | D:10     | Noticed a tengu warrior
 12861 | D:10     | Killed an ogre mage
 12868 | D:10     | Killed a tengu warrior
 12989 | D:10     | Noticed a skeletal warrior
 13000 | D:10     | Noticed an occultist
 13013 | Abyss:2  | Cast into level 2 of the Abyss (an occultist)
 13032 | D:10     | Escaped the Abyss
 13075 | Lair:1   | Entered Level 1 of the Lair of Beasts
 13116 | Lair:1   | Reached **** piety under Sif Muna
 13117 | Lair:1   | Reached skill level 1 in Shields
 13117 | Lair:1   | Reached skill level 1 in Summonings
 13117 | Lair:1   | Reached skill level 1 in Alchemy
 13748 | Lair:1   | Reached XP level 12. HP: 106/106 MP: 13/26
 13754 | Lair:1   | Reached skill level 10 in Fighting
 14004 | Lair:1   | Noticed Taxzan's ghost (journeyman MiGl)
 14006 | Lair:1   | Found a transporter.
 14010 | Lair:1   | Found a transporter.
 14808 | Lair:1   | Noticed a catoblepas
 14835 | Lair:1   | Killed a catoblepas
 15299 | Lair:2   | Found the +8 demon blade "Leech" {evervamp, Harm ^Drain
                  | rN+}
 15314 | Lair:2   | Learned a level 5 spell: Fireball
 15320 | Lair:2   | Found a frozen archway.
 15344 | IceCv    | Entered an ice cave
 15682 | IceCv    | Reached skill level 5 in Shields
 16504 | IceCv    | Noticed a reaper
 16543 | IceCv    | Killed a reaper
 16905 | IceCv    | Reached skill level 9 in Ice Magic
 17186 | Lair:2   | Identified the staff of Ryduhut {rF+ Str+3 Dex+2 Fire}
 17653 | Lair:2   | Reached ***** piety under Sif Muna
 17657 | Lair:2   | Reached XP level 13. HP: 108/117 MP: 13/27
 18572 | Lair:3   | Found a staircase to the Snake Pit.
 18735 | Lair:3   | Reached skill level 5 in Alchemy
 19251 | Lair:3   | Received a gift from Sif Muna
 19367 | Lair:3   | Got Sif Muna's Teachings on the Unfortunate Xenolith {god
                  | gift}
 19370 | Lair:3   | Found a staircase to the Shoals.
 20083 | Lair:4   | Reached skill level 10 in Ice Magic
 21507 | Lair:4   | Noticed Kirke
 21519 | Lair:4   | Killed Kirke
 21827 | Lair:5   | Entered Level 5 of the Lair of Beasts
 22530 | Lair:5   | Reached skill level 11 in Ice Magic
 22697 | Lair:5   | Gained mutation: Your large and strong wings let you fly.
                  | [Black Draconian growth]
 22697 | Lair:5   | Reached XP level 14. HP: 126/126 MP: 9/28
 23208 | Lair:5   | Received a gift from Sif Muna
 23239 | Lair:5   | Got Sif Muna's Almanac of Points and Apparitions {god gift}
 23243 | Lair:5   | Learned a level 2 spell: Blink
 23317 | Lair:5   | Reached skill level 10 in Fire Magic
 23585 | Lair:5   | Reached skill level 1 in Translocations
 24297 | Lair:5   | Found a snail-covered altar of Cheibriados.
 24483 | Lair:5   | Found a staircase to the Slime Pits.
 25692 | Lair:5   | Found a one-way gate to the infinite horrors of the Abyss.
 25696 | Lair:5   | Found a corrupted altar of Lugonu.
 25702 | Lair:5   | Got the Atlas of the Commander
 25864 | Lair:5   | Reached skill level 12 in Ice Magic
 26375 | D:10     | Learned a level 5 spell: Freezing Cloud
 26740 | D:10     | Reached skill level 1 in Air Magic
 29782 | D:12     | Received a gift from Sif Muna
 29895 | D:12     | Found a staircase to the Orcish Mines.
 29975 | Orc:1    | Entered Level 1 of the Orcish Mines
 30308 | Orc:2    | Entered Level 2 of the Orcish Mines
 30797 | Orc:1    | Learned a level 7 spell: Ozocubu's Refrigeration
 31075 | Orc:1    | Reached XP level 15. HP: 46/132 MP: 2/30
 31444 | Orc:2    | Reached skill level 5 in Air Magic
 31833 | Orc:2    | Found a staircase to the Elven Halls.
 31846 | Orc:2    | Found Vucraff's Book Emporium.
 31880 | Orc:2    | Found Xosa's Magic Scroll Shop.
 32127 | Orc:2    | Found Ureggec's Antique Armour Shoppe.
 32128 | Orc:2    | Found Joqiekuly's Assorted Antiques.
 32130 | Orc:2    | Bought a scroll of identify for 30 gold pieces
 32130 | Orc:2    | Bought a scroll of identify for 30 gold pieces
 32130 | Orc:2    | Bought a scroll of teleportation for 45 gold pieces
 32130 | Orc:2    | Bought a scroll of identify for 30 gold pieces
 32130 | Orc:2    | Bought a scroll of teleportation for 45 gold pieces
 32207 | Orc:2    | Found Macinofu's General Store.
 32321 | Orc:2    | Bought a scroll of identify for 20 gold pieces
 32321 | Orc:2    | Bought a potion of brilliance for 40 gold pieces
 32881 | Orc:1    | Received a gift from Sif Muna
 32881 | Orc:1    | Noticed Snorg
 33186 | Orc:1    | Killed Snorg
 33421 | Orc:1    | Got Sif Muna's Folio of Momentum and Elsewhere {god gift}
 33437 | Orc:1    | Found a runed translucent door.
 33474 | Orc:1    | Noticed Voleoc's ghost (journeyman GrFi)
 33620 | Orc:1    | Killed Voleoc's ghost
 33621 | Orc:1    | Reached skill level 13 in Ice Magic
 33929 | Snake:1  | Entered Level 1 of the Snake Pit
 34404 | Snake:1  | Learned a level 4 spell: Iskenderun's Mystic Blast
 35608 | Snake:1  | Noticed Rupert
 35623 | Snake:2  | Found Keba's Armour Shoppe.
 35762 | Snake:2  | Found Panytopao's Assorted Antiques.
 35783 | Snake:2  | Found Zeezonin's General Store.
 35784 | Snake:2  | Found Yshrumn's Antique Weapon Boutique.
 35789 | Snake:2  | Found a flickering gateway to a bazaar.
 35795 | Bazaar   | Entered a bazaar
 35795 | Bazaar   | Found Rippus's General Store.
 35812 | Bazaar   | Found Jorepun's Weapon Shoppe.
 35817 | Bazaar   | Found Otten's Magic Scroll Shoppe.
 35822 | Bazaar   | Found Umekk's Distillery.
 35830 | Bazaar   | Bought a potion of haste for 120 gold pieces
 35830 | Bazaar   | Bought a potion of heal wounds for 60 gold pieces
 35830 | Bazaar   | Bought a potion of resistance for 120 gold pieces
 35830 | Bazaar   | Bought a potion of curing for 36 gold pieces
 35830 | Bazaar   | Bought a potion of curing for 36 gold pieces
 35836 | Bazaar   | Found Acahulok's Jewellery Shoppe.
 35880 | Bazaar   | Bought a scroll of identify for 24 gold pieces
 35880 | Bazaar   | Bought the ring "Vocsiure" {rF+ rN+ Int+5} for 534 gold
                  | pieces
 35911 | Bazaar   | Bought a scroll of identify for 30 gold pieces
 35911 | Bazaar   | Bought a scroll of identify for 30 gold pieces
 35911 | Bazaar   | Bought a scroll of identify for 30 gold pieces
 35913 | Bazaar   | Identified a scroll of acquirement
 35914 | Bazaar   | Acquired the +1 pair of gloves "Ucem Ang" {rElec Will+
                  | Str+4}
 35930 | Bazaar   | Bought a scroll of revelation for 112 gold pieces
 35930 | Bazaar   | Bought a scroll of teleportation for 45 gold pieces
 35945 | Bazaar   | Bought the ring "Caitt" {Fly rPois rF+ Dex+2 SInv} for 667
                  | gold pieces
 35985 | Snake:2  | Bought a potion of heal wounds for 80 gold pieces
 35985 | Snake:2  | Bought a scroll of teleportation for 48 gold pieces
 35996 | Snake:2  | You are sucked into a shaft and drop 1 floor!
 36084 | Snake:3  | Reached skill level 10 in Conjurations
 37667 | Snake:3  | Reached skill level 14 in Ice Magic
 37910 | Snake:3  | Reached XP level 16. HP: 137/139 MP: 10/33
 39318 | Snake:4  | Entered Level 4 of the Snake Pit
 39390 | Snake:4  | Received a gift from Sif Muna
 39429 | Snake:4  | Got Sif Muna's Grimoire of Combined Wounds {god gift}
 39542 | Snake:4  | Reached skill level 15 in Ice Magic
 39656 | Snake:4  | Noticed a quicksilver dragon
 39661 | Snake:4  | Killed a quicksilver dragon
 40127 | Snake:4  | Got a serpentine rune of Zot
 40446 | Snake:4  | Reached skill level 16 in Ice Magic
 41714 | Snake:4  | Identified the serpent talisman "Anuipnitt" {*Slow rElec
                  | rF+}
 41714 | Snake:4  | Noticed Aizul
 41724 | Snake:4  | Killed Aizul
 42077 | Snake:2  | Noticed Vashnia
 42279 | Snake:1  | Killed Rupert
 42775 | Shoals:1 | Entered Level 1 of the Shoals
 42940 | Shoals:1 | Found Yzobeum's Jewellery Boutique.
 43685 | Shoals:1 | Reached skill level 5 in Dodging
 43685 | Shoals:1 | Reached XP level 17. HP: 142/146 MP: 1/35
 43702 | Shoals:1 | Received a gift from Sif Muna
 43703 | Shoals:1 | Got Sif Muna's Folio of the Missiles {god gift}
 44657 | Shoals:1 | Noticed a kraken
 44663 | Shoals:1 | Killed a kraken
 44885 | Shoals:1 | Found Suungysh's Assorted Antiques.
 44893 | Shoals:1 | Bought a scroll labelled VUAPUUBLOGU for 25 gold pieces
 44893 | Shoals:1 | Bought a tapered glass wand for 100 gold pieces
 45242 | Shoals:2 | Reached skill level 10 in Shields
 45766 | Shoals:2 | Found Bieggel's Assorted Antiques.
 47098 | Shoals:3 | Noticed Ilsuiw
 47588 | Shoals:3 | Reached skill level 17 in Ice Magic
 48153 | Shoals:3 | Killed Ilsuiw
 49005 | Shoals:4 | Entered Level 4 of the Shoals
 50001 | Shoals:4 | Received a gift from Sif Muna
 50005 | Shoals:4 | Got Taoxuq's Discursus on Vapourous Wounds {god gift}
 50151 | Shoals:4 | Paralysed by an air elemental for 1 turns
 51828 | Shoals:4 | Reached skill level 18 in Ice Magic
 51850 | Shoals:4 | Reached XP level 18. HP: 154/154 MP: 19/36
 52161 | Shoals:4 | Noticed Donald
 52504 | Shoals:4 | Got a barnacled rune of Zot
 52528 | Shoals:4 | Learned a level 5 spell: Irradiate
 52563 | Shoals:4 | Killed Donald
 52663 | Shoals:4 | Reached skill level 1 in Invocations
 53105 | Snake:2  | Bought a pair of glowing boots for 262 gold pieces
 53394 | Snake:2  | Reached skill level 10 in Dodging
 54241 | D:13     | Found a gate to the Vaults.
 54246 | D:13     | Received a gift from Sif Muna
 54247 | D:13     | Got Sif Muna's Octavo of Translocated Ill Luck {god gift}
 54651 | D:13     | Found an iron altar of Okawaru.
 54665 | D:13     | Noticed Jorgrun
 54669 | D:13     | Killed Jorgrun
 54841 | D:13     | Reached skill level 5 in Invocations
 54890 | D:13     | Identified the +3 scimitar "Killer Klown's Regret" {freeze,
                  | ^Fragile Will+ rCorr Str+4}
 54890 | D:13     | Identified the ring of Soahaci {Fire *Slow rPois Will+++
                  | Slay+2}
 55065 | D:13     | Got the Omnibus of Chemistry and Austromancy
 55623 | D:14     | Found Wuudaotruc's Jewellery Shop.
 55812 | D:14     | Found Moogoy's Distillery.
 55831 | D:14     | Found Iloar's Distillery.
 55935 | D:14     | Found Mian's General Store.
 55941 | D:14     | Found a runed translucent door.
 55960 | D:14     | Found a runed translucent door.
 55960 | D:14     | Found a runed translucent door.
 56101 | D:14     | Reached skill level 15 in Spellcasting
 56497 | D:14     | Received a gift from Sif Muna
 56499 | D:14     | Got Sif Muna's Elucidation of Chilblains and Haze {god
                  | gift}
 56556 | D:15     | Entered Level 15 of the Dungeon
 56844 | D:15     | Found Totseo's Antique Armour Boutique.
 56878 | D:15     | Found a white marble altar of Elyvilon.
 57117 | D:15     | Found a staircase to the Depths.
 57850 | Elf:1    | Entered Level 1 of the Elven Halls
 58173 | Elf:1    | Paralysed by an air elemental for 1 turns
 58586 | Elf:1    | Found Utuutzyi's Distillery.
 58586 | Elf:1    | Found a shimmering blue altar of Sif Muna.
 59038 | Elf:2    | Found Cech's Weapon Shoppe.
 59089 | Elf:2    | Reached XP level 19. HP: 160/160 MP: 27/39
 59697 | Elf:2    | Found a runed translucent gate.
 59698 | Elf:2    | Found a runed translucent gate.
 59698 | Elf:2    | Found a runed translucent gate.
 59920 | Elf:3    | Entered Level 3 of the Elven Halls
 60391 | Elf:3    | Received a gift from Sif Muna
 60394 | Elf:3    | Got Zuuhieth's Collected Works on Stormy Command {god gift}
 60745 | Elf:3    | Reached skill level 10 in Invocations
 60944 | Elf:3    | Identified the +6 lajatang "Ykukupna" {heavy, rF+ Int+2}
 60951 | Elf:3    | Identified the +9 halberd of the Spider Nest {flame, +Blink
                  | rC- Int+5 SInv}
 60951 | Elf:3    | Identified the +2 lajatang of War {drain, rElec Int+4
                  | Stlth+}
 61375 | Elf:3    | Identified the +6 rapier of Vetret {elec, Str+3 Int+2
                  | Dex+2}
 61442 | Elf:3    | Identified the staff "Cozeas" {rC+ Will+ Stlth+ Ice}
 61483 | Elf:3    | Identified the +9 arbalest of the Piercing Gods {penet, rC-
                  | Int+5}
 61489 | Elf:3    | Identified the +2 dagger of Expedience {heavy, rC+}
 61577 | Elf:3    | Got the Guidebook on the Floating Escort
 61734 | D:14     | Bought the amulet of Vitality {RegenMP++ Regen++} for 1700
                  | gold pieces
 61734 | D:14     | Found the amulet of Vitality {RegenMP++ Regen++}
 61796 | Vaults:1 | Entered Level 1 of the Vaults
 61915 | Vaults:1 | Gained mutation: You sometimes lose your temper in combat.
                  | [a shining eye]
 61917 | Vaults:1 | Lost mutation: You sometimes lose your temper in combat.
                  | [potion of mutation]
 61917 | Vaults:1 | Gained mutation: You sometimes lose your temper in combat.
                  | [potion of mutation]
 61918 | Vaults:1 | Lost mutation: You sometimes lose your temper in combat.
                  | [potion of mutation]
 61918 | Vaults:1 | Gained mutation: You occasionally lose the ability to drink
                  | potions when taking damage. [potion of mutation]
 61918 | Vaults:1 | Gained mutation: You expend magic power (3 MP) to
                  | strengthen your wands. [potion of mutation]
 62015 | Vaults:1 | Noticed Asterion
 62020 | Vaults:1 | Killed Asterion
 62266 | Vaults:1 | Received a gift from Sif Muna
 62524 | Vaults:1 | Reached skill level 19 in Ice Magic
 62640 | Vaults:1 | Reached XP level 20. HP: 165/174 MP: 16/41
 63562 | Vaults:1 | Found Temanafa's Weapon Emporium.
 64017 | Vaults:2 | Received a gift from Sif Muna
 64018 | Vaults:2 | Got Sif Muna's Dissertation on Crystallized Invitation {god
                  | gift}
 64020 | Vaults:2 | Identified the +4 scimitar "Odem" {drain, *Noise MP+9
                  | Stlth+}
 64771 | Vaults:3 | Reached skill level 20 in Ice Magic
 65016 | Vaults:3 | Found a crumbling gateway.
 65028 | Desolati | Entered the Desolation of Salt
 65218 | Desolati | Learned a level 6 spell: Bombard
 65450 | Vaults:3 | Reached skill level 1 in Earth Magic
 65940 | Vaults:4 | Reached ****** piety under Sif Muna
 65942 | Vaults:4 | Reached XP level 21. HP: 156/181 MP: 4/43
 66040 | Vaults:4 | Received a gift from Sif Muna
 66062 | Vaults:4 | Got Sif Muna's Dissertation on Vitriolic Assaults {god
                  | gift}
 66363 | Vaults:4 | Noticed an ancient lich
 66898 | Vaults:4 | Killed from afar by an ancient lich

Illustrated notes

Levels and vault maps discovered:
D:1:      elethiomel_arrival_maze, layout_loops_ring,
          shapermc_ecumenical_altar_ellora, minmay_misc_feat_room,
          amethyst_killhole
D:2:      layout_loops_cross, basic_altar, nicolae_twisty_statue_hallways
D:3:      layout_loops_ring, bh_walls_and_bars
D:4:      layout_basic, minmay_temple_entry_grid
D:5:      cheibrodos_fertilizer, layout_loops_ring,
          mainiacjoe_overflow_small_starburst, kennysheep_mini_moat,
          mainiacjoe_overflow_alcove_2, ebering_ghost_inner_flame, hex_medium,
          chequers_serial_rivers_micro_e, roderic_filled_cross
D:6:      layout_cave_pools, nicolae_uskayaw_murder_on_the_dancefloor,
          mainiacjoe_overflow_paths
D:7:      layout_basic, jmf_multi_god_temple2, nicolae_grassy_gnolls,
          uniq_pikel, uniq_maurice
D:8:      layout_gridville, dpeg_lair_monsters, serial_glass, glass_columns_a,
          glass_columns_a, glass_columns_a, glass_columns_a, glass_columns_b,
          glass_columns_c, nicolae_concentric_dashed_squares_wild, uniq_joseph
D:9:      layout_basic, serial_shops, shop, nicolae_hexahallways
D:10:     hangedman_cross_veins, layout_cave_pools, uniq_amaemon
D:11:     layout_basic
D:12:     layout_loops_ring, erik_orc_2
D:13:     minmay_the_grid_octo_triangle [minmay_the_grid_octo_checkered,
          minmay_the_grid_octo_prize_square_snowflake,
          minmay_the_grid_octo_chip], layout_basic, david_vaults_3,
          okawaru_trees_1, uniq_jorgrun
D:14:     layout_roguey, serial_shops, nicolae_shop_statue_plus,
          nicolae_stop_n_shop_1, shop, shop, hex_large, mikee_hates_you
D:15:     grunt_enter_depths_magical_seal, layout_irregular_city, serial_shops,
          nicolae_square_shop, nicolae_elyvilon_temple_path
Temple:   bh_familiar_temple
Lair:1:   layout_hall_layers, gammafunk_ghost_hive, beast_lair_carwin_7
Lair:2:   wander_river, layout_chaotic_city,
          portal_ice_cave_entry_ice_simulacra, dreamdust_deal_with_the_devil,
          serial_bayou_shore_b, grunt_megastairs_3
Lair:3:   layout_gridlike, minmay_shoals_entry_beasts,
          guppyfry_snake_entry_garden
Lair:4:   layout_long_grid, serial_forest, infiniplex_forest_straight_3,
          infiniplex_forest_clump_medium, infiniplex_forest_end_2,
          infiniplex_forest_corner_1, infiniplex_forest_straight_3,
          infiniplex_forest_clump_C, infiniplex_forest_join, uniq_kirke
Lair:5:   hellmonk_lair_end_abyssal_woods, layout_loops_ring,
          dpeg_slime_entry_corner, minivault_25, st_stairs_11,
          lemuel_oklob_altar, infiniplex_staircase_pool
Shoals:1: layout_shoals, serial_shops, nicolae_shop_overgrown_old_shop,
          nicolae_shoals_land_atoll, nicolae_shoals_c_island
Shoals:2: cheibrodos_shoals_roost, layout_shoals, serial_shops, shop
Shoals:3: layout_shoals, uniq_ilsuiw
Shoals:4: shoals_end_hellmonk_storm_palace [storm_palace_center_square,
          storm_palace_corner_blocked, storm_palace_corner_reverse_hut,
          storm_palace_corner_reverse_hut, storm_palace_corner_narrow],
          serial_shops, uniq_donald
Snake:1:  layout_chambers, nicolae_snake_omega, grunt_megastairs_1, uniq_rupert
Snake:2:  layout_grid_maze, serial_shops, bzr_entry_safe, nicolae_stop_n_shop_1,
          nicolae_shop_hallway_stairs, shop, nicolae_shop_just_a_little_nook,
          uniq_vashnia
Snake:3:  layout_chambers, nicolae_snake_mages_go_home
Snake:4:  hellmonk_snake_rune_quicksilver_temple, layout_cave_town,
          serial_bayou_shore_a, uniq_aizul
Orc:1:    layout_caves, gammafunk_ghost_grave, uniq_snorg
Orc:2:    st_orc_open, layout_caves, serial_shops, shop
Elf:1:    layout_loops_corners, basic_altar, serial_shops, shop, minivault_28
Elf:2:    nicolae_elf_blades_crystal_corner, layout_loops_corners, serial_shops,
          nicolae_shop_tiny_waterfront, nicolae_elf_glass_and_crystal_pillar_1,
          lemuel_flamethrower_3
Elf:3:    elf_hall, layout_geoelf_octagon
Vaults:1: nicolae_vaults_frosty_reception, nicolae_vaults_network_s, v_misc_17,
          nicolae_vaults_closet_pinwheel_1, nicolae_vaults_murderbox,
          vaults_room_fours, hangedman_vaults_corner,
          nicolae_vaults_trapezoid_2, nicolae_vaults_storage_closets_1,
          v_alt_pattern_1, nicolae_vaults_little_squares_5,
          hangedman_vaults_stretched_pinwheel, nicolae_vaults_specimen_jars,
          layout_vaults_ring, serial_shops, shop, uniq_asterion
Vaults:2: minmay_crypt_entry_simple_box, vaults_dpeg_encased_lava,
          nicolae_vaults_arrows, v_misc_18, vaults_dpeg_ring,
          ontoclasm_vaults_idyll, nicolae_vaults_variable_pillar_hall_cross,
          v_misc_26, nicolae_vaults_closet_pinwheel_3, v_misc_8,
          nicolae_vaults_house_3, nicolae_vaults_closet_pinwheel_3,
          vaults_room_fours, vaults_room_grid, layout_vaults_maze_snakey,
          uniq_norris
Vaults:3: portal_desolation_entry_nicolae_slug, nicolae_vaults_c_with_doors,
          v_misc_33, vaults_standard_mumra_enter_the_diamond,
          nicolae_vaults_double_plus_2, nicolae_vaults_octothorpe, v_rooms_3,
          nicolae_vaults_stairing_the_circle, nicolae_vaults_closet_pinwheel_1,
          nicolae_vaults_big_ls, nicolae_vaults_trapezoid_1,
          layout_vaults_omnibox, uniq_mara
Vaults:4: nicolae_vaults_layer_cake_slice,
          vaults_standard_mumra_enter_the_diamond, vaults_room_corners,
          vaults_dpeg_spiral, v_misc_14, dpeg_vaults_pockets_of_resistance,
          ontoclasm_vaults_decontamination, v_misc_12,
          nicolae_vaults_tetromino_Z_1, v_misc_10, nicolae_vaults_tetromino_T_2,
          layout_vaults_chaotic_city

Skill      XL: |  1  2  3  4  5  6  7  8  9 10 11 12 13 14 15 16 17 18 19 20 21 |
---------------+----------------------------------------------------------------+-----
Ice Magic      | 5 6 7 8 9 11 12 14 16 18 19 20 | 20.0
Spellcasting   | 3 4 6 8 9 10 11 13 14 16 17 18 | 18.0
Conjurations   | 4 6 8 10 11 | 11.2
Fighting       | 1 5 7 9 11 12 14 | 14.0
Fire Magic     | 4 6 8 9 10 | 10.0
Shields        | 2 6 8 9 10 | 10.0
Summonings     | 2 4 |  4.0
Alchemy        | 2 4 6 |  6.0
Translocations | 4 |  4.0
Air Magic      | 4 8 |  8.0
Dodging        | 5 9 10 | 10.0
Invocations    | 8 10 13 | 13.8
Earth Magic    | 2 4 |  4.1
Stealth        | |  1.7

Action                     |  1- 3 |  4- 6 |  7- 9 | 10-12 | 13-15 | 16-18 | 19-21 || total
---------------------------+-------+-------+-------+-------+-------+-------+-------++-------
  Melee: Unarmed           |     2 |       |       |       |       |       |       ||     2
         Short sword       |     7 |       |       |       |       |       |       ||     7
         Tailslap          |     1 |     2 |     2 |     7 |    39 |    27 |    17 ||    95
         Dagger            |     4 |    20 |     9 |     1 |       |       |       ||    34
         Demon whip        |       |       |       |    20 |   177 |    96 |       ||   293
         Staff             |       |       |       |       |       |    38 |    60 ||    98
  Throw: Dart              |       |       |     6 |     4 |     2 |       |       ||    12
   Cast: Freeze            |    69 |    61 |    86 |   172 |    82 |     1 |       ||   471
         Magic Dart        |       |    16 |    46 |    49 |    23 |       |       ||   134
         Frozen Ramparts   |       |    16 |    47 |    80 |   126 |    28 |    10 ||   307
         Ozocubu's Armour  |       |     3 |    18 |    47 |    88 |    34 |     8 ||   198
         Summon Ice Beast  |       |       |     1 |    32 |    28 |       |     1 ||    62
         Sticky Flame      |       |       |       |    53 |   169 |    43 |    40 ||   305
         Fireball          |       |       |       |    37 |   164 |     8 |    22 ||   231
         Freezing Cloud    |       |       |       |       |    70 |   178 |    62 ||   310
         Iskenderun's Myst |       |       |       |       |    13 |    72 |    43 ||   128
         Ozocubu's Refrige |       |       |       |       |       |   310 |   305 ||   615
         Blink             |       |       |       |       |       |     1 |       ||     1
         Irradiate         |       |       |       |       |       |     6 |    13 ||    19
 Invoke: Channel Magic     |       |       |       |       |       |     1 |     2 ||     3
Ability: Breathe Lightning |       |       |       |       |     1 |     1 |       ||     2
  Evoke: Wand              |       |       |       |    10 |       |     1 |       ||    11
    Use: Potion            |     1 |       |       |     2 |     1 |     5 |     4 ||    13
         Scroll            |       |     2 |     1 |     8 |    22 |    15 |     4 ||    52
   Stab: Sleeping          |     2 |     1 |       |       |       |       |       ||     3
         Distracted        |       |       |       |     1 |       |       |       ||     1
 Armour: Skin              |    17 |    28 |    55 |   182 |   451 |   347 |   191 ||  1271
  Dodge: Dodged            |    54 |    51 |   109 |   221 |   406 |   185 |   119 ||  1145
  Block: Buckler           |       |       |       |     4 |   173 |   109 |    69 ||   355
